 Dungeon Crawl Stone Soup version 0.28-a0-1444-g6c55d0bc0c (webtiles) character file.

Game seed: 17854006789214163869

3817 grgax the Cleaver (level 10, -9/67 (81) HPs)
             Began as a Gnoll Cinder Acolyte on Jan 10, 2022.
             Was a Priest of Ignis.
             Mangled by a wight (11 damage)
             ... on level 8 of the Dungeon.
             The game lasted 00:27:02 (7946 turns).

grgax the Cleaver (Gnoll Cinder Acolyte)            Turns: 7946, Time: 00:27:03

HP:   -9/67 (81)    AC: 20    Str: 16    XL:     10   Next: 17%
MP:   2/18          EV: 10    Int: 13    God:    Ignis [***...]
Gold: 316           SH:  0    Dex: 10    Spells: 16/20 levels left

rFire   . . .      SeeInvis .   w - +2 falchion (flame)
rCold   + + .      Faith    .   (no shield)
rNeg    . . .      Spirit   .   F - +0 ice dragon scales
rPois   .          Reflect  .   (no helmet)
rElec   .          Harm     .   G - +0 cloak
rCorr   .          Rampage  .   (no gloves)
Will    .....                   r - +0 pair of boots
Stlth   +.........              i - amulet of regeneration
HPRegen 1.01/turn               J - ring of wizardry
MPRegen 0.16/turn               (no ring)

@: fiery-armoured, flying, heavily drained
A: fangs 1, strong nose, distributed training
a: Renounce Religion, Fiery Armour, Foxfire Swarm, Rising Flame


You were on level 8 of the Dungeon.
You worshipped Ignis.
Ignis was most pleased with you.
You visited 1 branch of the dungeon, and saw 8 of its levels.
You also visited: Sewer.

You collected 316 gold pieces.

Inventory:

Hand Weapons
 a - a -1 hand axe of flaming
 w - a +2 falchion of flaming (weapon)
 B - a +2 flail of draining
 C - a +2 antimagic dagger
 I - a +0 broad axe
 N - a +2 vampiric rapier
Missiles
 s - 33 poisoned darts
 H - 4 atropa-tipped darts
Armour
 b - a +0 robe
 d - a +0 leather armour
 r - a +0 pair of boots (worn)
 F - +0 ice dragon scales (worn)
 G - a +0 cloak (worn)
Jewellery
 i - an amulet of regeneration (around neck)
 m - an amulet of guardian spirit
 J - a ring of wizardry (left hand)
Wands
 E - a wand of flame (19)
 M - a wand of paralysis (6)
Scrolls
 e - 7 scrolls of identify {unknown}
 h - 2 scrolls of enchant armour {unknown}
 j - 6 scrolls of teleportation {unknown}
 t - a scroll of amnesia {unknown}
 x - 3 scrolls of torment {unknown}
 y - a scroll of magic mapping
 D - 3 scrolls of fog {unknown}
 K - a scroll of noise {unknown}
 L - a scroll of enchant weapon {unknown}
Potions
 c - 2 potions of lignification {unknown}
 f - a potion of magic {unknown}
 g - a potion of haste {unknown}
 k - a potion of flight
 l - 4 potions of heal wounds {unknown}
 n - a potion of invisibility {unknown}
 o - 2 potions of degeneration {unknown}
 p - 5 potions of ambrosia
 q - a potion of brilliance {unknown}
 u - 3 potions of mutation {unknown}
 v - a potion of resistance {unknown}
 z - 2 potions of berserk rage {unknown}
 A - 3 potions of curing


   Skills:
 + Level 8.3 Fighting
 + Level 5.0 Short Blades
 + Level 5.0 Long Blades
 + Level 8.3 Axes
 + Level 5.0 Maces & Flails
 + Level 5.0 Polearms
 + Level 5.0 Staves
 + Level 5.0 Slings
 + Level 5.0 Bows
 + Level 5.0 Crossbows
 + Level 5.0 Throwing
 + Level 5.0 Armour
 + Level 5.0 Dodging
 + Level 5.0 Stealth
 + Level 5.0 Shields
 + Level 5.0 Unarmed Combat
 + Level 5.8 Spellcasting
 + Level 4.1 Conjurations
 + Level 4.1 Hexes
 + Level 4.1 Summonings
 + Level 4.1 Necromancy
 + Level 4.1 Translocations
 + Level 4.1 Transmutations
 + Level 6.9 Fire Magic
 + Level 4.1 Ice Magic
 + Level 4.1 Air Magic
 + Level 4.1 Earth Magic
 + Level 4.1 Poison Magic
 + Level 5.5 Invocations
 + Level 5.0 Evocations


You had 16 spell levels left.
You knew the following spells:

 Your Spells              Type           Power      Damage    Failure   Level
a - Scorch                Fire           42%        2d7       2%          2
b - Blink                 Tloc           28%        N/A       9%          2

Your spell library contained the following spells:

 Spells                   Type           Power      Damage    Failure   Level
 Sandblast                Erth           28%        2d8       5%          1
 Passwall                 Tmut/Erth      11%        N/A       9%          2
 Conjure Flame            Conj/Fire      18%        6-21      9%          3
 Ignite Poison            Fire/Tmut/Pois 17%        N/A       11%         3
 Lesser Beckoning         Tloc           14%        N/A       16%         3
 Stone Arrow              Conj/Erth      28%        3d8       16%         3
 Sticky Flame             Conj/Fire      18%        2d4       28%         4
 Manifold Assault         Tloc           14%        N/A       78%         5


Dungeon Overview and Level Annotations

Branches:
Dungeon (8/15)             Temple (0/1) D:5           Sewer (visited)
   Lair: D:8-11

Altars:

Shops:
D:1 ***   D:4 *   D:6 *   D:7 (


Innate Abilities, Weirdness & Mutations

You have very sharp teeth.
Your uncanny sense of smell can sniff out nearby items.
Your experience applies equally to all skills.


Message History

The wight hits you but does no damage.
The wight hits you with a +0 vampiric battleaxe!
You feel drained.
You closely miss the wight. You bite the wight, but do no damage.
The wight is moderately damaged.
The wight closely misses you. The wight misses you.
You hit the wight. You burn the wight. Your bite misses the wight.
The wight is severely damaged.
The wight closely misses you.
The wight hits you with a +0 vampiric battleaxe.
You feel drained.
The wight draws strength from your wounds!
You hit the wight but do no damage. Your bite misses the wight.
The wight is severely damaged.
The wight hits you with a +0 great sword!
You feel drained.
The wight hits you with a +0 vampiric battleaxe.
The wight draws strength from your wounds!
You hit the wight. You burn the wight. Your bite misses the wight.
The wight is severely damaged.
The wight hits you with a +0 great sword!
* * * LOW HITPOINT WARNING * * *
You feel drained.
* * * LOW HITPOINT WARNING * * *
The wight barely misses you.
A protective cloak of flame settles atop you.
The wight hits you with a +0 great sword!
* * * LOW HITPOINT WARNING * * *
You feel drained.
* * * LOW HITPOINT WARNING * * *
The wight is burned by your cloak of flames.
The wight is heavily damaged.
The wight hits you but does no damage.
The wight is burned by your cloak of flames.
The wight is almost destroyed.
It was a potion of flight.
You feel very buoyant.
You fly up into the air.
The wight closely misses you.
The wight hits you with a +0 vampiric battleaxe!
You die...

#.........
########<####.###
..............#
##.#####.####.#
########....#........#
................####.#
......#............#
......z.........##.#
.....)z@.......^# #
..####..[......>#
.......#..#......#
###.......#........
#.....###.######..
........ (.$ .
..#.....###.#
........# #..


You could see 2 wights.

Vanquished Creatures
  The ghost of hudiniq the Cleaver, a novice MiFi of Makhleb (D:7)
  The ghost of kelmiir the Gusty, a novice GnAE of Sif Muna (D:6)
  Prince Ribbit (D:5)
  Sigmund (D:5)
  Menkaure (D:5)
  2 black bears (D:6)
  2 sky beasts
  An ice beast (D:7)
  An ogre (D:5)
  A centaur (D:6)
  Blork the orc (D:5)
  A phantom (D:4)
  3 scorpions (D:5)
  2 wights (D:8)
  7 killer bees (D:6)
  5 howler monkeys
  5 jellies
  An orc priest (D:5)
  2 hounds
  8 iguanas
  2 killer bee zombies
  A howler monkey zombie (D:6)
  Robin (D:2)
  3 gnolls (D:4)
  4 river rats
  11 adders
  A shadow imp (D:6)
  2 white imps
  An adder zombie (D:5)
  A worm (D:1)
  A dart slug (D:3)
  22 orcs
  22 ball pythons
  6 bats
  18 endoplasms
  5 giant cockroaches
  17 goblins
  12 hobgoblins
  10 jackals
  6 quokkas
  10 frilled lizards
  19 kobolds
  15 rats
237 creatures vanquished.

Vanquished Creatures (others)
  17 foxfires
  5 fungi (D:4)
  7 toadstools (D:4)
29 creatures vanquished.

Grand Total: 266 creatures vanquished

Notes
Turn   | Place    | Note
-------+----------+-------------------------------------------
     0 | D:1      | grgax the Gnoll Cinder Acolyte began the quest for the Orb.
     0 | D:1      | Reached XP level 1. HP: 23/23 MP: 4/4
    53 | D:1      | Found Varisuza's Assorted Antiques.
    95 | D:1      | Reached XP level 2. HP: 29/29 MP: 5/5
   486 | D:1      | Found Faimn's Assorted Antiques.
   678 | D:1      | Found a faded altar of an unknown god.
   763 | D:1      | Reached XP level 3. HP: 34/35 MP: 7/7
   835 | D:2      | Learned a level 2 spell: Scorch
   984 | D:2      | Reached skill level 1 in Invocations
  1126 | D:2      | Reached skill level 1 in Short Blades
  1126 | D:2      | Reached skill level 1 in Long Blades
  1126 | D:2      | Reached skill level 1 in Maces & Flails
  1126 | D:2      | Reached skill level 1 in Polearms
  1126 | D:2      | Reached skill level 1 in Staves
  1126 | D:2      | Reached skill level 1 in Slings
  1126 | D:2      | Reached skill level 1 in Bows
  1126 | D:2      | Reached skill level 1 in Crossbows
  1126 | D:2      | Reached skill level 1 in Throwing
  1126 | D:2      | Reached skill level 1 in Armour
  1126 | D:2      | Reached skill level 1 in Dodging
  1126 | D:2      | Reached skill level 1 in Stealth
  1126 | D:2      | Reached skill level 1 in Shields
  1126 | D:2      | Reached skill level 1 in Unarmed Combat
  1126 | D:2      | Reached skill level 1 in Evocations
  1268 | D:2      | Reached XP level 4. HP: 41/41 MP: 1/8
  1272 | D:2      | Noticed Robin
  1295 | D:2      | Killed Robin
  1783 | D:3      | Reached skill level 1 in Conjurations
  1783 | D:3      | Reached skill level 1 in Hexes
  1783 | D:3      | Reached skill level 1 in Summonings
  1783 | D:3      | Reached skill level 1 in Necromancy
  1783 | D:3      | Reached skill level 1 in Translocations
  1783 | D:3      | Reached skill level 1 in Transmutations
  1783 | D:3      | Reached skill level 1 in Ice Magic
  1783 | D:3      | Reached skill level 1 in Air Magic
  1783 | D:3      | Reached skill level 1 in Earth Magic
  1783 | D:3      | Reached skill level 1 in Poison Magic
  1965 | D:3      | Reached XP level 5. HP: 47/47 MP: 4/9
  2890 | D:4      | Found Mutwupt's General Store.
  2940 | D:4      | Reached XP level 6. HP: 14/53 MP: 3/10
  2945 | D:4      | Found a glowing drain.
  2954 | Sewer    | Entered a sewer
  3222 | Sewer    | Found a viscous altar of Jiyva.
  3720 | D:4      | Reached XP level 7. HP: 45/59 MP: 7/12
  4572 | D:5      | Entered Level 5 of the Dungeon
  4783 | D:5      | Noticed Prince Ribbit
  4791 | D:5      | Killed Prince Ribbit
  4792 | D:5      | Reached XP level 8. HP: 57/67 MP: 0/14
  5192 | D:5      | Noticed Sigmund
  5220 | D:5      | Killed Sigmund
  5338 | D:5      | Found a staircase to the Ecumenical Temple.
  5617 | D:5      | Noticed Menkaure
  5625 | D:5      | Killed Menkaure
  5662 | D:5      | Noticed Blork the orc
  5676 | D:5      | Killed Blork the orc
  5677 | D:5      | Reached XP level 9. HP: 14/72 MP: 3/16
  6099 | D:6      | Found a transporter.
  6100 | D:6      | Noticed kelmiir's ghost (novice GnAE)
  6368 | D:6      | Reached skill level 5 in Spellcasting
  6469 | D:6      | Found Heos's General Store.
  6538 | D:6      | Found a transporter.
  6660 | D:6      | Killed kelmiir's ghost
  6801 | D:7      | Reached skill level 5 in Invocations
  7282 | D:7      | Learned a level 2 spell: Blink
  7347 | D:7      | Found Qikuuklucu's Weapon Shop.
  7478 | D:7      | Found a runed translucent door.
  7499 | D:7      | Noticed hudiniq's ghost (novice MiFi)
  7521 | D:7      | Killed hudiniq's ghost
  7522 | D:7      | Reached skill level 5 in Short Blades
  7522 | D:7      | Reached skill level 5 in Long Blades
  7522 | D:7      | Reached skill level 5 in Maces & Flails
  7522 | D:7      | Reached skill level 5 in Polearms
  7522 | D:7      | Reached skill level 5 in Staves
  7522 | D:7      | Reached skill level 5 in Slings
  7522 | D:7      | Reached skill level 5 in Bows
  7522 | D:7      | Reached skill level 5 in Crossbows
  7522 | D:7      | Reached skill level 5 in Throwing
  7522 | D:7      | Reached skill level 5 in Armour
  7522 | D:7      | Reached skill level 5 in Dodging
  7522 | D:7      | Reached skill level 5 in Stealth
  7522 | D:7      | Reached skill level 5 in Shields
  7522 | D:7      | Reached skill level 5 in Unarmed Combat
  7522 | D:7      | Reached skill level 5 in Evocations
  7522 | D:7      | Reached XP level 10. HP: 15/81 MP: 2/18
  7945 | D:8      | HP: 3/68 [wight (7)]
  7945 | D:8      | HP: 1/67 [wight (2)]
  7946 | D:8      | Mangled by a wight

Illustrated notes

Levels and vault maps discovered:
D:1:      lightli_iron_boxes, layout_rooms,
          shapermc_ecumenical_altar_mp_vishouse, serial_shops, shop, shop, shop,
          grunt_decor_fettered, minmay_unequal
D:2:      layout_rooms, chequers_serial_rivers_micro_a, st_stairs_9,
          minmay_domino_2, uniq_robin
D:3:      layout_loops_ring, minmay_snake_closets
D:4:      cheibrodos_fertilizer, layout_loops_cross, portal_sewer_entry_b,
          serial_shops, nicolae_take_the_stairs, minmay_distorted
D:5:      layout_gridville, temple_pool_b, st_stairs_1,
          kennysheep_generic_room_5, uniq_blork_the_orc, uniq_sigmund,
          uniq_prince_ribbit1, uniq_menkaure
D:6:      layout_rooms, gammafunk_ghost_hive, kennysheep_windowed_goal
D:7:      layout_cave_pools, ebering_ghost_reflecting_pool, serial_shops, shop
D:8:      layout_basic, gammafunk_ghost_cemetery

Skill      XL: |  1  2  3  4  5  6  7  8  9 |
---------------+----------------------------+-----
Invocations    | 1 2 3 4 5 |  5.5
Short Blades   | 1 2 3 5 |  5.0
Long Blades    | 1 2 3 5 |  5.0
Maces & Flails | 1 2 3 5 |  5.0
Polearms       | 1 2 3 5 |  5.0
Staves         | 1 2 3 5 |  5.0
Slings         | 1 2 3 5 |  5.0
Bows           | 1 2 3 5 |  5.0
Crossbows      | 1 2 3 5 |  5.0
Throwing       | 1 2 3 5 |  5.0
Armour         | 1 2 3 5 |  5.0
Dodging        | 1 2 3 5 |  5.0
Stealth        | 1 2 3 5 |  5.0
Shields        | 1 2 3 5 |  5.0
Unarmed Combat | 1 2 3 5 |  5.0
Evocations     | 1 2 3 5 |  5.0
Spellcasting   | 3 4 5 |  5.8
Conjurations   | 1 2 3 4 |  4.1
Hexes          | 1 2 3 4 |  4.1
Summonings     | 1 2 3 4 |  4.1
Necromancy     | 1 2 3 4 |  4.1
Translocations | 1 2 3 4 |  4.1
Transmutations | 1 2 3 4 |  4.1
Ice Magic      | 1 2 3 4 |  4.1
Air Magic      | 1 2 3 4 |  4.1
Earth Magic    | 1 2 3 4 |  4.1
Poison Magic   | 1 2 3 4 |  4.1
Fighting       | 7 8 |  8.3
Axes           | 7 8 |  8.3
Fire Magic     | 6 |  6.9

Action                   |  1- 3 |  4- 6 |  7- 9 | 10-12 || total
-------------------------+-------+-------+-------+-------++-------
Melee: Hand axe          |    78 |   129 |       |       ||   207
       Bite              |     3 |    17 |    12 |     1 ||    33
       Falchion          |       |    34 |   122 |     6 ||   162
       Punch             |       |       |     2 |       ||     2
Throw: Dart              |       |     1 |       |       ||     1
 Cast: Scorch            |    13 |    65 |   151 |     9 ||   238
Invok: Fiery Armour      |       |     1 |     2 |     1 ||     4
       Foxfire Swarm     |       |       |     2 |       ||     2
  Use: Scroll            |       |     3 |       |       ||     3
       Potion            |       |       |       |     1 ||     1
 Stab: Sleeping          |     1 |       |       |       ||     1
Armor: Robe              |     2 |       |       |       ||     2
       Leather armour    |     8 |    51 |    24 |       ||    83
       Ice dragon scales |       |       |   106 |     3 ||   109
Dodge: Dodged            |    54 |    98 |   167 |    11 ||   330

Table legend: (Time is in decaauts)
 A = Elapsed time spent in this place.
 B = Non-inter-level travel time spent in this place.
 C = Inter-level travel time spent in this place.
 D = Time resting spent in this place.
 E = Time spent auto-exploring this place.
 F = Levels seen in this place.
 G = Mean time per level.
                   A        B        C        D        E       F      G
               +--------+--------+--------+--------+--------+-----+--------+
         Total |   8003 |   7776 |    227 |    678 |   5581 |   9 |  889.2 |
       Dungeon |   7526 |   7299 |    227 |    639 |   5323 |   8 |  940.8 |
         Sewer |    476 |    476 |      0 |     39 |    257 |   1 |  476.0 |
               +--------+--------+--------+--------+--------+-----+--------+

Top non-repeatable levels by time:
     D:6: 1373 daAuts
     D:4: 1360 daAuts
     D:3: 1262 daAuts
     D:5: 1180 daAuts
     D:2: 818 daAuts
     D:1: 789 daAuts
     D:7: 707 daAuts
   Sewer: 476 daAuts
     D:8: 34 daAuts
